 Dungeon Crawl Stone Soup version 0.29.0-7-g18a832c13a (webtiles) character file.

Game seed: 2877805515236068818

84 Arcadio the Chiller (level 4, -1/36 HPs)
             Began as a Naga Ice Elementalist on Aug 31, 2022.
             Killed by nerve-wracking pain
             ... invoked by Grinder
              (7 damage)
             ... while paralysed by Grinder
             ... on level 3 of the Dungeon.
             The game lasted 00:06:26 (4548 turns).

Arcadio the Chiller (Naga Ice Elementalist)         Turns: 4548, Time: 00:06:27

Health: -1/36      AC:  9    Str: 10    XL:     4   Next: 46%
Magic:  5/8        EV:  1    Int: 23    God:
Gold:   104        SH:  0    Dex: 12    Spells: 1/8 levels left

rFire   . . .      SeeInvis +   l - +2 war axe (venom)
rCold   . . .      Faith    .   (no shield)
rNeg    . . .      Spirit   .   a - +0 robe
rPois   +          Reflect  .   (no helmet)
rElec   .          Harm     .   (no cloak)
rCorr   .          Rampage  .   (no gloves)
Will    .....                   (no barding)
Stlth   +++.......              (no amulet)
HPRegen 0.12/turn               q - +6 ring of intelligence
MPRegen 0.11/turn               (no ring)

@: paralysed, ice-armoured, freezing walls, very slow
A: AC +1, large, see invisible, deformed body, poison resistance, slowness 2,
spit poison 1, naga tail 1
a: Spit Poison


You were on level 3 of the Dungeon.
You visited 1 branch of the dungeon, and saw 3 of its levels.

You collected 104 gold pieces.

Inventory:

Hand Weapons
 c - a +0 short sword
 f - a +4 dagger
 l - a +2 war axe of venom (weapon)
Armour
 a - a +0 robe (worn)
Jewellery
 q - a +6 ring of intelligence (left hand)
Scrolls
 d - 2 scrolls of blinking {unknown}
 e - 2 scrolls of enchant weapon {unknown}
 i - a scroll of identify {unknown}
 j - 2 scrolls of magic mapping {unknown}
 k - 4 scrolls of teleportation {unknown}
 m - a scroll of brand weapon {unknown}
Potions
 g - a potion of heal wounds {unknown}
 h - 2 potions of curing {unknown}
 n - a potion of flight {unknown}
 o - 2 potions of brilliance {unknown}
 p - a potion of might {unknown}


   Skills:
 + Level 1.8 Dodging
 - Level 4.4 Stealth
 + Level 2.9 Spellcasting
 + Level 4.6 Ice Magic


You had one spell level left.
You knew the following spells:

 Your Spells              Type           Power      Damage    Failure   Level
a - Freeze                Ice            96%        1d11      1%          1
b - Frozen Ramparts       Ice            48%        1d8       5%          3
c - Ozocubu's Armour      Ice            24%        N/A       5%          3

Your spell library contained the following spells:

 Spells                   Type           Power      Damage    Failure   Level
 Blink                    Tloc           6%         N/A       19%         2
 Lesser Beckoning         Tloc           3%         N/A       34%         3
 Portal Projectile        Hex/Tloc       6%         N/A       34%         3
 Tukima's Dance           Hex            3%         N/A       34%         3
 Hailstorm                Conj/Ice       14%        3d5       41%         4
 Blade Hands              Tmut           1%         N/A       97%         5
 Manifold Assault         Tloc           3%         N/A       97%         5


Dungeon Overview and Level Annotations

Branches:
Dungeon (3/15) Zot: 12691

Altars:
Hepliaklqana
Ru
Xom

Shops:
D:2 [

Annotations:
D:3 Grinder


Innate Abilities, Weirdness & Mutations

Your serpentine skin is tough. (AC +1)
You have supernaturally acute eyesight. (SInv)
Armour fits poorly on your strangely shaped body.
Your system is resistant to poisons. (rPois)
You cover ground very slowly.
You can spit poison.
You have a snake-like lower body.


Message History

Unknown command.
Unknown command.
Casting: Ozocubu's Armour (dangerous; 5% risk of failure)
Confirm with . or Enter, or press ? or * to list all spells.
Aiming: Freeze (safe; 1% risk of failure)
Press: ? - help, Shift-Dir - straight line, f - Grinder
Aim: Grinder (lightly wounded)
You freeze Grinder but do no damage.
Grinder completely resists.
Grinder hits you but does no damage.
Okay, then.
Magic courses through your body. Grinder hits you but does no damage.
Casting: Freeze (safe; 1% risk of failure)
Confirm with . or Enter, or press ? or * to list all spells.
Casting: Frozen Ramparts (dangerous; 5% risk of failure)
Press: ? - help, Dir - look around, f - activate The walls around you are covered in ice.
Grinder resists.
The wall freezes Grinder.
Grinder hits you.
You writhe in agony.
You slash Grinder!
Grinder is heavily wounded.
The wall freezes Grinder but does no damage.
Grinder hits you but does no damage.
You slash Grinder!
Grinder is severely wounded.
Grinder resists.
The wall freezes Grinder.
Grinder hits you!
* * * LOW HITPOINT WARNING * * *
Grinder completely resists.
The wall freezes Grinder but does no damage.
Grinder says, "Don't move a muscle."
Grinder hits you but does no damage.
You closely miss Grinder.
Grinder is severely wounded.
The wall freezes Grinder but does no damage.
Grinder gestures at you.
You suddenly lose the ability to move!
Grinder completely resists.
The wall freezes Grinder but does no damage.
Grinder gestures at you. Pain shoots through your body!
You die...

. #................ .
##.#.........####. .
###.......)..#### #. #
#######......#####...#
#. #####.##........
###.# ## .......
......# #.## # .......
#...# #..##### .......
#.####### #.......
...>...
#.5@....#####.......
...S5..
#######.............
....... #######)......
....... #.......
....... #.......
####### #.....(.
########


You could see Grinder.

Vanquished Creatures
  2 adders
  4 worms
  2 orcs (D:3)
  5 ball pythons
  5 endoplasms
  2 giant cockroaches (D:1)
  8 goblins
  2 hobgoblins (D:3)
  3 quokkas
  5 bats
  2 frilled lizards
  5 kobolds
  3 rats
48 creatures vanquished.

Notes
Turn   | Place    | Note
-------+----------+-------------------------------------------
     0 | D:1      | Arcadio the Naga Ice Elementalist began the quest for the
                  | Orb.
     0 | D:1      | Reached XP level 1. HP: 15/15 MP: 3/3
   609 | D:1      | Reached XP level 2. HP: 22/22 MP: 5/5
  1661 | D:2      | Found a faded altar of an unknown god.
  1671 | D:2      | Noticed an eye of devastation
  1675 | D:2      | Noticed a shining eye
  1677 | D:2      | Noticed a shining eye
  1677 | D:2      | Noticed a shining eye
  2022 | D:2      | Found Vesotel's Armour Shoppe.
  2049 | D:2      | Reached XP level 3. HP: 24/28 MP: 6/6
  2055 | D:2      | Learned a level 3 spell: Frozen Ramparts
  2059 | D:2      | Learned a level 3 spell: Ozocubu's Armour
  2821 | D:2      | Found a shimmering altar of Xom.
  3524 | D:3      | Noticed Grinder
  4212 | D:3      | Found a sacrificial altar of Ru.
  4226 | D:3      | Reached XP level 4. HP: 33/36 MP: 6/8
  4406 | D:3      | Found a hazy altar of Hepliaklqana.
  4547 | D:3      | Paralysed by Grinder for 5 turns
  4548 | D:3      | Killed from afar by Grinder

Illustrated notes

Levels and vault maps discovered:
D:1:      elethiomel_arrival_maze, layout_loops_ring
D:2:      layout_basic, hellmonk_ecumenical_altar_watching_god, serial_shops,
          nicolae_lakefront_shop, basic_altar, minmay_misc_feat_tiny,
          due_unseen_surprise
D:3:      layout_rooms, nicolae_hepliaklqana_hippocampus, lemuel_doored_altar,
          uniq_grinder

Skill      XL: |  1  2  3 |
---------------+----------+-----
Stealth        | 4 |  4.4
Dodging        | |  1.8
Spellcasting   | |  2.9
Ice Magic      | |  4.6

Action                   |  1- 3 |  4- 6 || total
-------------------------+-------+-------++-------
Melee: Short sword       |    89 |       ||    89
       Punch             |     1 |       ||     1
       War axe           |       |    32 ||    32
 Cast: Freeze            |    26 |     1 ||    27
       Frozen Ramparts   |       |     2 ||     2
       Ozocubu's Armour  |       |     1 ||     1
 Abil: Spit Poison       |     1 |       ||     1
  Use: Potion            |       |     1 ||     1
 Stab: Sleeping          |     9 |     2 ||    11
Armor: Robe              |    19 |    10 ||    29
Dodge: Dodged            |    45 |    14 ||    59
